 Dungeon Crawl Stone Soup version 0.19.0-2-gae57169 (webtiles) character file.

74 exewu the Firebug (level 4, -4/30 HPs)
             Began as a Mummy Fire Elementalist on Nov 6, 2016.
             Killed from afar by Natasha (16 damage)
             ... with a wand of flame
             ... on level 2 of the Dungeon.
             The game lasted 00:08:22 (1918 turns).

exewu the Firebug (Mummy Fire Elementalist)         Turns: 1918, Time: 00:08:23

Health: -4/30      AC:  2    Str: 11    XL:     4   Next: 9%
Magic:  4/7        EV: 12    Int: 15    God:
Gold:   57         SH:  0    Dex: 12    Spells: 2 memorised, 3 levels left

rFire  x . .     SeeInvis .     h - +2 dagger (venom)
rCold  + . .     Gourm    .     a - +0 robe
rNeg   + + +     Faith    .     (no shield)
rPois  ∞         Spirit   .     (no helmet)
rElec  .         Reflect  .     (no cloak)
rCorr  .         Harm     .     (no gloves)
MR     .....                    (no boots)
Stlth  ++........               (no amulet)
                                (no ring)
                                (no ring)

@: very slightly contaminated
A: no food or potions, fire vulnerability, cold resistance 1, negative energy
resistance 3, torment resistance, unbreathing
a: no special abilities


You were on level 2 of the Dungeon.
You were not hungry.

You visited 1 branch of the dungeon, and saw 2 of its levels.

You collected 57 gold pieces.

Inventory:

Hand Weapons
 h - a +2 dagger of venom (weapon)
Missiles
 d - 34 sling bullets
Armour
 a - a +0 robe (worn)
 e - a +0 buckler
 i - a +0 robe
Scrolls
 c - a scroll of recharging {unknown}
 f - a scroll of remove curse
 k - a scroll of magic mapping {unknown}
 l - 2 scrolls of identify {unknown}
 m - a scroll of noise {unknown}
Potions
 j - 3 potions of curing {unknown}
Books
 b - a book of Flames

   Spells                             Type                      Level
   a - Flame Tongue                   Conjuration/Fire             1
   b - Throw Flame                    Conjuration/Fire             2
   c - Conjure Flame                  Conjuration/Fire             3
   d - Inner Flame                    Hexes/Fire                   3
   e - Sticky Flame                   Conjuration/Fire             4
   f - Fireball                       Conjuration/Fire             5


   Skills:
 - Level 1.5 Dodging
 - Level 1.5 Stealth
 - Level 2.0 Spellcasting
 + Level 2.6 Conjurations
 + Level 3.0 Fire Magic


You had 3 spell levels left.
You knew the following spells:

 Your Spells              Type           Power        Failure   Level  Hunger
a - Flame Tongue          Conj/Fire      ##...        10%         1    N/A
b - Conjure Flame         Conj/Fire      ##......     24%         3    N/A

Dungeon Overview and Level Annotations

Branches:
Dungeon (2/15)

Altars:

Annotations:
D:2 Natasha, Robin


Innate Abilities, Weirdness & Mutations

You do not eat or drink.
Your flesh is vulnerable to fire.
You are immune to poison.
Your flesh is cold resistant. (rC+)
You are immune to negative energy. (rN+++)
You are immune to unholy pain and torment.
You can survive without breathing.


Message History

Confirm with . or Enter, or press ? or * to list all spells.
Aiming: Flame Tongue
Press: ? - help, Shift-Dir - straight line, f/p - Natasha
Aim: Natasha (lightly wounded, poisoned)
You miscast Flame Tongue.
You are very lightly contaminated with residual magic.
Heat runs through your body. Natasha claws you.
You hit Natasha.
Natasha looks even sicker.
Natasha is moderately wounded.
Natasha casts a spell at you. The magic dart hits you!
You hit Natasha.
Natasha is severely wounded.
Natasha zaps a wand.
The puff of flame hits you! The fire burns you terribly!
It is a wand of flame.
You closely miss Natasha.
Natasha is severely wounded.
Natasha zaps a wand.
The puff of flame hits you! The fire burns you terribly!
Ouch! That really hurt!
You die...

<......... ##....###.
..#. ##)...# ...
.).#### . ..# .###
... ..# ## ## ##.##
#.# #... #
##.....####.##...#
######..####.....h..#
.##........ #@##
....##..# #..#
#.......####
##.#######
##.##......#
#.##....#
#.####.##.##
#.......# #.#
#.##..## ####....##
..# ##.###..#
#.....## ### #..#
##.##### #......#.
#.##
#.....###........


You could see Natasha.

Vanquished Creatures
  Jessica (D:2)
  A worm (D:2)
  3 dart slugs
  3 giant cockroaches
  8 hobgoblins
  A kobold (D:1)
  A ball python (D:2)
  4 bats
  2 frilled lizards
  7 goblins
  8 rats
39 creatures vanquished.

Notes
Turn   | Place    | Note
-------+----------+-------------------------------------------
     0 | D:1      | exewu the Mummy Fire Elementalist began the quest for the Orb.
     0 | D:1      | Reached XP level 1. HP: 13/13 MP: 3/3
   108 | D:1      | Reached skill level 1 in Conjurations
   407 | D:1      | Reached XP level 2. HP: 19/19 MP: 0/5
  1091 | D:2      | Noticed Jessica
  1094 | D:2      | Killed Jessica
  1094 | D:2      | Reached XP level 3. HP: 22/24 MP: 2/6
  1190 | D:2      | Learned a level 3 spell: Conjure Flame
  1216 | D:2      | Reached skill level 3 in Fire Magic
  1223 | D:2      | Noticed Robin
  1654 | D:2      | Reached XP level 4. HP: 23/30 MP: 3/7
  1911 | D:2      | Noticed Natasha
  1918 | D:2      | Killed from afar by Natasha

Skill      XL: |  1  2  3 |
---------------+----------+-----
Conjurations   | 1 2 |  2.6
Fire Magic     | 3 |  3.0
Dodging        | |  1.5
Stealth        | |  1.5
Spellcasting   | |  2.0

Action                   |  1- 3 |  4- 6 || total
-------------------------+-------+-------++-------
Melee: Unarmed           |     2 |       ||     2
       Short sword       |    41 |       ||    41
       Dagger            |       |    22 ||    22
 Cast: Flame Tongue      |    58 |     7 ||    65
  Use: Scroll            |       |     1 ||     1
Armor: Robe              |    19 |     2 ||    21
Dodge: Dodged            |    58 |    11 ||    69
